 Dungeon Crawl Stone Soup version 0.29.1-12-g30fa7ad0bf (webtiles) character file.

Game seed: 1182476773375290473

303 cheesebisquit the Chopper (level 6, -2/52 HPs)
             Began as a Minotaur Berserker on Dec 31, 2022.
             Was a Believer of Trog.
             Slain by a black bear (7 damage)
             ... on level 6 of the Dungeon on Jan 1, 2023.
             The game lasted 00:14:23 (2782 turns).

cheesebisquit the Chopper (Minotaur Berserker)      Turns: 2782, Time: 00:14:24

Health: -2/52      AC:  8    Str: 24    XL:     6   Next: 15%
Magic:  5/5        EV: 10    Int:  4    God:    Trog [**....]
Gold:   176        SH:  0    Dex:  9    Spells: 5/5 levels left

rFire   + . .      SeeInvis .   a - +0 war axe
rCold   . . .      Faith    .   p - orb {*Rage}
rNeg    . . .      Spirit   .   h - +0 scale mail
rPois   .          Reflect  .   (helmet restricted)
rElec   .          Harm     .   g - +0 cloak
rCorr   .          Rampage  .   (no gloves)
Will    .....      Rage     20% (no boots)
Stlth   ..........              (no amulet)
HPRegen 0.17/turn               d - ring of protection from fire
MPRegen 0.09/turn               (no ring)

@: confused, on berserk cooldown, slowed, very slow
A: horns 2, retaliatory headbutt
a: Renounce Religion, Berserk, Trog's Hand


You were on level 6 of the Dungeon.
You worshipped Trog.
Trog was pleased with you.
You visited 1 branch of the dungeon, and saw 4 of its levels.

You collected 176 gold pieces.

Inventory:

Hand Weapons
 a - a +0 war axe (weapon)
 b - a +0 sling
Missiles
 n - 5 poisoned darts (quivered)
Armour
 g - a +0 cloak (worn)
 h - a +0 scale mail (worn)
 p - an orb of wrath (worn)
 q - a +0 ring mail
Jewellery
 d - a ring of protection from fire (left hand)
Scrolls
 c - a scroll of fear {unknown}
 f - a scroll of identify {unknown}
 j - a scroll of teleportation {unknown}
 l - a scroll of vulnerability {unknown}
Potions
 e - a potion of attraction {unknown}
 i - a potion of degeneration {unknown}
 k - a potion of haste {unknown}
 m - a potion of curing
 o - a potion of lignification
 r - a potion of berserk rage {unknown}
 s - a potion of cancellation {unknown}


   Skills:
 - Level 4.2 Fighting
 + Level 7.3 Axes
 - Level 3.3 Armour
 - Level 3.0 Dodging


You had 5 spell levels left.
You didn't know any spells.
Your spell library was empty.

Dungeon Overview and Level Annotations

Branches:
Dungeon (3/15)

Altars:
Xom

Annotations:
D:6 Blork the orc


Innate Abilities, Weirdness & Mutations

You have a pair of horns on your head.
You reflexively headbutt those who attack you in melee.


Message History

Blork the orc looks encouraged for a moment.
The black bear completely misses you.
The black bear claws you but does no damage. x2
The orc hits the bush but does no damage.
Something hits the bush but does no damage.
The orc hits the bush but does no damage.
Something hits the bush but does no damage.
Blork the orc looks encouraged for a moment.
The black bear goes berserk!
You closely miss the black bear.
The black bear is severely wounded.
You hit the bush but do no damage. x3; You barely miss the bush.
The black bear bites you! The black bear barely misses you.
The black bear claws you but does no damage.
The orc priest calls down the wrath of Beogh upon you.
The orc hits the bush but does no damage.
Something hits the bush but does no damage.
Blork the orc hits the bush with a +0 dire flail!
The black bear closely misses you.
The black bear claws you but does no damage. x2
You barely miss the black bear. Your headbutt misses the black bear.
The black bear is severely wounded.
You hit the bush but do no damage. x2; You barely miss the bush.
You hit the bush but do no damage. The black bear bites you!
The black bear claws you but does no damage.
The black bear closely misses you.
Blork the orc hits the bush with a +0 dire flail.
The orc hits the bush with a +0 dagger.
A magic dart appears from out of thin air!
The magic dart hits you. The black bear barely misses you.
The black bear claws you but does no damage.
The black bear closely misses you.
The orc hits the bush but does no damage.
Something hits the bush but does no damage.
The orc priest mumbles some strange prayers to Beogh against you.
Beogh smites you!
* * * LOW HITPOINT WARNING * * *
Blork the orc hits the bush with a +0 dire flail.
The black bear bites you!
You die...

..................#.#
......#.PPP.PPPPPPP.#
....(...P.P.P.P.....#
........P.P.P.P.P.P##
...##.......P.P.P.P#
#.#####.PPP.P.PPP.P##
#.. ..P....†.)..P.##
....


..PPP.PPP)PPP..# .... ##P.P.P.P.@.P### .. P.P P.PPPhP{o.# $ P.....Po..#
PPP.P.Po.## ..P.P#.# PPPPPP ## ## You could see Blork the orc, a black bear
(berserk), an orc priest and an orc.

Vanquished Creatures
  A black bear (D:6)
  An ogre (D:6)
  A jelly (D:2)
  2 orc wizards (D:6)
  8 orcs
  3 bats
  2 endoplasms
  3 giant cockroaches
  2 goblins (D:1)
  2 hobgoblins
  4 jackals (D:1)
  A quokka (D:1)
  5 ball pythons
  2 frilled lizards
  6 kobolds
43 creatures vanquished.

Notes
Turn   | Place    | Note
-------+----------+-------------------------------------------
     0 | D:1      | cheesebisquit the Minotaur Berserker began the quest for
                  | the Orb.
     0 | D:1      | Reached XP level 1. HP: 19/19 MP: 0/0
   368 | D:1      | Reached XP level 2. HP: 27/27 MP: 1/1
   809 | D:1      | Reached skill level 4 in Axes
  1106 | D:2      | Reached XP level 3. HP: 28/33 MP: 2/2
  1732 | D:2      | Found a shimmering altar of Xom.
  2107 | D:3      | Reached XP level 4. HP: 37/40 MP: 3/3
  2284 | D:3      | Reached ** piety under Trog
  2448 | D:3      | You fall into a shaft and drop 3 floors!
  2464 | D:6      | Noticed an ogre
  2474 | D:6      | HP: 2/40 [ogre/+0 giant club (15)]
  2484 | D:6      | Killed an ogre
  2485 | D:6      | Reached skill level 5 in Axes
  2485 | D:6      | Reached XP level 5. HP: 7/46 MP: 4/4
  2494 | D:6      | Reached skill level 6 in Axes
  2765 | D:6      | Noticed a black bear
  2766 | D:6      | Noticed Blork the orc
  2770 | D:6      | Killed a black bear
  2770 | D:6      | Noticed a black bear
  2771 | D:6      | Reached skill level 7 in Axes
  2771 | D:6      | Reached XP level 6. HP: 52/52 MP: 5/5
  2782 | D:6      | Slain by a black bear

Illustrated notes

Levels and vault maps discovered:
D:1:      tarquinn_simple_flora_water_c, layout_loops_ring,
          hangedman_decor_lopped
D:2:      layout_loops_corners, serial_glass, glass_columns_a, glass_columns_a,
          basic_altar
D:3:      layout_basic, minmay_door_square, minmay_rat_hole, uniq_terence
D:6:      layout_cave_pools, minmay_hedge_maze, chequers_serial_rivers_large_a,
          feat_on_display, uniq_blork_the_orc

Skill      XL: |  1  2  3  4  5 |
---------------+----------------+-----
Axes           | 4 5 7 |  7.3
Fighting       | 4 |  4.2
Armour         | 3 |  3.3
Dodging        | 3 |  3.0

Action                   |  1- 3 |  4- 6 || total
-------------------------+-------+-------++-------
Melee: Hand axe          |    81 |       ||    81
       Headbutt          |     5 |     1 ||     6
       War axe           |     7 |    35 ||    42
Invok: Trog's Hand       |       |     2 ||     2
  Use: Potion            |       |     2 ||     2
Armor: Animal skin       |    23 |       ||    23
       Scale mail        |     9 |    27 ||    36
       Skin              |       |    30 ||    30
Dodge: Dodged            |    64 |    25 ||    89
